 Dungeon Crawl Stone Soup version 0.31-a0-150-g89dc3ad700 (webtiles) character file.

Game seed: 13776090208437417921

11066 qw the Marksminotaur (level 11, -4/99 HPs)
             Began as a Minotaur Hunter on June 8, 2023.
             Was an Initiate of Okawaru.
             Succumbed to Amaemon's poison
             ... on level 1 of the Lair of Beasts.
             The game lasted 00:03:25 (10133 turns).

qw the Marksminotaur (Minotaur Hunter)             Turns: 10133, Time: 00:03:25

Health: -4/99      AC: 10    Str: 15    XL:     11   Next: 44%
Magic:  10/10      EV: 16    Int:  6    God:    Okawaru [......]
Gold:   773        SH:  0    Dex: 19    Spells: 10/10 levels left

rFire   . . .        Y - +5 longbow (drain)
rCold   + . .        (shield currently unavailable)
rNeg    . . .        g - +0 troll leather armour
rPois   .            h - +1 hat
rElec   .            l - +0 cloak {Will+}
rCorr   .            (no gloves)
SInv    .            j - +2 pair of boots
Will    +....        c - amulet of faith
Stlth   ++           (no ring)
HPRegen 1.16/turn    (no ring)
MPRegen 0.12/turn

%: faith
@: lethally poisoned (-4 -> -21), about to teleport, slowed, very slow
A: horns 2, retaliatory headbutt, cold resistance 1, MP-powered wands
a: Renounce Religion


You were on level 1 of the Lair of Beasts.
You worshipped Okawaru.
Okawaru was noncommittal.
You visited 3 branches of the dungeon, and saw 12 of its levels.

You collected 773 gold pieces.


Innate Abilities, Weirdness & Mutations

You have a pair of horns on your head.
You reflexively headbutt those who attack you in melee.
Your flesh is cold resistant. (rC+)
You expend magic power (3 MP) to strengthen your wands.


   Skills:
 - Level 10.0 Fighting
 + Level 15.3 Ranged Weapons
 - Level 6.5 Armour
 - Level 8.0 Dodging
 - Level 0.7 Stealth


You had 10 spell levels left.
You didn't know any spells.
Your spell library was empty.

Inventory:

Hand Weapons
 Y - a +5 longbow of draining (weapon)
Armour
 g - a +0 troll leather armour (worn)
 h - a +1 hat (worn)
 j - a +2 pair of boots (worn)
 l - a +0 cloak of willpower (worn)
Jewellery
 b - the amulet of Odwadire {Spirit Will- Str+2 Int+5}
   (You found it on level 3 of the Dungeon)

   [amulet of guardian spirit]

   It causes incoming damage to be divided between your reserves of health and
   magic.
   Str:       It affects your strength (+2).
   Int:       It affects your intelligence (+5).
   Will:      It decreases your willpower.
 c - an amulet of faith (around neck)
Wands
 m - a wand of digging (7)
Scrolls
 a - a scroll of identify
 f - a scroll of teleportation
Potions
 d - 3 potions of haste
 e - a potion of might {unknown}
 i - 5 potions of curing
 k - 3 potions of mutation
 n - a potion of resistance {unknown}
 p - a potion of heal wounds {unknown}

Dungeon Overview and Level Annotations

Branches:
Dungeon (10/15)            Temple (1/1) D:4            Lair (1/5) D:10
    Orc (0/2) D:10

Altars:
Ashenzari
Cheibriados
Dithmenos
Elyvilon
Fedhas
Gozag
Hepliaklqana
Kikubaaqudgha
Makhleb
Nemelex Xobeh
Okawaru
Qazlal
Ru
Sif Muna
Trog
Uskayaw
Vehumet
Wu Jian
Xom
Yredelemnul
Zin
The Shining One

Annotations:
D:2 1 runed translucent door, Crazy Yiuf
Lair:1 Amaemon


Message History

You headbutt the scorpion. You shoot an arrow. The arrow hits the scorpion!
You kill the scorpion!
The scorpion's corpse disappears in a puff of smoke!
You feel sick. The blink frog hits you! The orange demon closely misses you.
The scorpion closely misses you. x2; You furiously retaliate!
You headbutt the scorpion! The blink frog hits you!
The blink frog blinks!
You shoot an arrow. The arrow hits the scorpion!!
You kill the scorpion!
The scorpion's corpse disappears in a puff of smoke!
You feel sick. The orange demon stings you from afar!
You are more poisoned.
You have difficulty breathing.
You feel yourself slow down. The scorpion completely misses you.
The yak closely misses you.
You shoot an arrow. The arrow hits Amaemon.
Amaemon is severely wounded.
You feel very sick. The scorpion misses you.
The orange demon stings you from afar!
You are more poisoned.
You have difficulty breathing.
You feel as though you will be slow longer.
Amaemon closely misses you. Amaemon claws you. Amaemon closely misses you.
The yak gores you. The scorpion stings you.
The orange demon closely misses you.
Amaemon hits you with a +1 demon whip of venom!
Amaemon claws you. Amaemon barely misses you. The yak closely misses you.
10132 ||| READING 2 scrolls of teleportation.
As you read the scroll of teleportation, it crumbles to dust.
You feel strangely unstable.
You feel very sick. The scorpion stings you. The yak closely misses you.
You furiously retaliate!
You headbutt the yak, but do no damage.
The orange demon stings you but does no damage.
Amaemon completely misses you. Amaemon claws you. Amaemon tail-slaps you.
You are more poisoned.
Amaemon poisons you! The yak gores you but does no damage.
The scorpion misses you.
You shoot an arrow. The arrow closely misses Amaemon.
The arrow hits the orange demon!!
The orange demon is heavily wounded.
You die...

# ### .#
#######%##..#
##......¤@sF.#.
##.......YY6......
#......¤.¤Y¤4.P..#
....#######.#####.
... ##


You could see Amaemon (drained), an orange demon (curare), 3 yaks, a blink frog
and a scorpion (summoned, curare).

Vanquished Creatures
  Josephine (D:10)
  A two-headed ogre (D:8)
  An orc high priest (D:10)
  Maurice (D:8)
  Maggie (D:8)
  6 trolls
  2 blink frogs (Lair:1)
  Sigmund (D:2)
  5 wraiths (D:10)
  A yak (Lair:1)
  A wyvern (D:8)
  A vampire mosquito (D:10)
  2 acid dragons (D:10)
  4 ice beasts
  2 sky beasts
  8 ogres
  A black bear (D:5)
  8 orc warriors
  6 centaurs
  8 kobold brigands
  A phantom (D:4)
  3 bullfrogs
  2 gnoll sergeants (D:10)
  2 scorpions
  9 killer bees
  3 howler monkeys
  2 electric eels (D:10)
  A hound (D:5)
  2 jellies (D:7)
  8 orc priests
  5 gnoll boudas
  3 sleepcaps
  7 iguanas
  Natasha (thrice) (D:2)
  2 orc wizards
  Robin (D:2)
  18 gnolls
  9 adders
  3 shadow imps
  An ufetubus (D:7)
  4 worms
  3 dart slugs
  33 orcs
  9 bats
  7 endoplasms
  15 goblins
  9 hobgoblins
  3 jackals (D:3)
  20 kobolds
  2 quokkas
  2 ball pythons (D:3)
  4 frilled lizards
  5 rats (D:1)
262 creatures vanquished.

Notes
Turn   | Place    | Note
-------+----------+-------------------------------------------
     0 | D:1      | qw the Minotaur Hunter began the quest for the Orb.
     0 | D:1      | Reached XP level 1. HP: 18/18 MP: 0/0
     0 | D:1      | 0 ||| qw: Version: 0.2-a-119-g7aa9181
     0 | D:1      | 0 ||| qw: Game counter: 2799
     0 | D:1      | 0 ||| qw: Always use a shield: true
     0 | D:1      | 0 ||| qw: God list: Okawaru
     0 | D:1      | 0 ||| qw: Allow faded altars: false
     0 | D:1      | 0 ||| qw: Do Orc after D:15 true
     0 | D:1      | 0 ||| qw: Do second Lair branch before Depths: true
     0 | D:1      | 0 ||| qw: Lair rune preference: random
     0 | D:1      | 0 ||| qw: Plans: Normal
     0 | D:1      | 0 ||| PLANNING D:1-11
   272 | D:1      | Reached XP level 2. HP: 25/25 MP: 1/1
   351 | D:1      | Reached skill level 5 in Ranged Weapons
   643 | D:1      | Reached skill level 3 in Fighting
   795 | D:1      | Reached XP level 3. HP: 31/31 MP: 2/2
  1045 | D:1      | 1045 ||| UPGRADING to +0 ring mail.
  1055 | D:1      | 1055 ||| DROPPING +0 leather armour.
  1056 | D:1      | 1056 ||| READING scroll labelled IPTUTZ CADUAN.
  1057 | D:1      | 1057 ||| READING scroll labelled ZIAJAPLESYB.
  1058 | D:1      | 1058 ||| READING scroll labelled QUESTY CUMMOMI.
  1059 | D:1      | 1059 ||| DRINKING 2 coppery potions.
  1060 | D:1      | 1060 ||| DROPPING scroll of butterflies.
  1061 | D:1      | 1061 ||| DROPPING potion of brilliance.
  1252 | D:2      | 1252 ||| SWAPPING to +1 longbow of electrocution.
  1253 | D:2      | 1253 ||| DROPPING +0 shortbow of freezing.
  1414 | D:2      | Reached skill level 1 in Armour
  1474 | D:2      | Found a runed translucent door.
  1475 | D:2      | Noticed Crazy Yiuf
  1560 | D:2      | Noticed Natasha
  1576 | D:2      | Killed Natasha
  1577 | D:2      | Reached XP level 4. HP: 17/38 MP: 3/3
  1806 | D:2      | Noticed Robin
  1830 | D:2      | Found a faded altar of an unknown god.
  1887 | D:2      | Noticed Sigmund
  1895 | D:2      | Killed Sigmund
  1896 | D:2      | Reached skill level 7 in Ranged Weapons
  1896 | D:2      | Reached XP level 5. HP: 29/45 MP: 4/4
  2180 | D:2      | Killed Robin
  2303 | D:2      | Noticed Natasha
  2304 | D:2      | 2304 ||| FLEEEEING.
  2305 | D:2      | 2305 ||| FLEEEEING.
  2311 | D:2      | Killed Natasha
  2312 | D:2      | Reached XP level 6. HP: 45/52 MP: 5/5
  2456 | D:2      | 2456 ||| READING 2 scrolls labelled PECLIRPHEBBI.
  2457 | D:2      | 2457 ||| READING scroll labelled CAD KYFOENLEXKE.
  2458 | D:2      | 2458 ||| DRINKING 2 ruby potions.
  2459 | D:2      | 2459 ||| DRINKING 2 orange potions.
  2477 | D:2      | Noticed Natasha
  2479 | D:2      | Killed Natasha
  2509 | D:2      | 2509 ||| DRINKING 2 sedimented pink potions.
  2510 | D:2      | 2510 ||| DROPPING potion of attraction.
  2546 | D:3      | Identified the amulet of Odwadire {Spirit Will- Str+2
                  | Int+5}
  2569 | D:3      | 2569 ||| READING scroll of brand weapon.
  2569 | D:3      | 2569 ||| BRANDING +2 longbow of electrocution.
  2615 | D:3      | 2615 ||| Stepping ~*~*~tactically~*~*~ (outnumbered).
  2617 | D:3      | 2617 ||| Stepping ~*~*~tactically~*~*~ (outnumbered).
  2620 | D:3      | 2620 ||| Stepping ~*~*~tactically~*~*~ (outnumbered).
  2624 | D:3      | Reached skill level 8 in Ranged Weapons
  2733 | D:3      | Reached XP level 7. HP: 57/61 MP: 6/6
  2788 | D:3      | Reached skill level 3 in Dodging
  2956 | D:3      | Found a basalt altar of Yredelemnul.
  2992 | D:3      | 2992 ||| READING scroll of enchant weapon.
  2992 | D:3      | 2992 ||| ENCHANTING +2 longbow of draining.
  3369 | D:3      | 3369 ||| UPGRADING to amulet of Odwadire {Spirit Will-
                  | Str+2 Int+5}.
  3374 | D:3      | 3374 ||| READING scroll labelled HONIWU EWESAIF.
  3378 | D:3      | 3378 ||| DRINKING 2 brown potions.
  3379 | D:3      | 3379 ||| DRINKING 2 potions of curing.
  3379 | D:3      | 3379 ||| (to cure confusion)
  3380 | D:3      | 3380 ||| DRINKING 3 fuming orange potions.
  3380 | D:3      | Gained mutation: You expend magic power (3 MP) to
                  | strengthen your wands. [potion of mutation]
  3380 | D:3      | Gained mutation: Your flesh is cold resistant. (rC+)
                  | [potion of mutation]
  3381 | D:3      | 3381 ||| DROPPING potion of ambrosia.
  3395 | D:4      | Found a staircase to the Ecumenical Temple.
  3396 | D:4      | 3396 ||| PLANNING TEMPLE
  3404 | Temple   | Entered the Ecumenical Temple
  3430 | Temple   | 3430 ||| PLANNING D:1-11
  3793 | D:4      | Reached skill level 9 in Ranged Weapons
  4024 | D:4      | 4024 ||| UPGRADING to +1 hat.
  4029 | D:4      | 4029 ||| UPGRADING to +2 pair of boots.
  4034 | D:4      | 4034 ||| READING scroll labelled FILEOSKU YZEHU.
  4124 | D:4      | 4124 ||| READING scroll labelled ZUACVU JAOPNEO.
  4125 | D:4      | 4125 ||| READING 2 scrolls of identify.
  4125 | D:4      | 4125 ||| IDENTIFYING silvery potion
  4126 | D:4      | 4126 ||| DROPPING potion of lignification.
  4151 | D:5      | Entered Level 5 of the Dungeon
  4182 | D:5      | 4182 ||| FLEEEEING.
  4183 | D:5      | 4183 ||| FLEEEEING.
  4184 | D:5      | 4184 ||| STAIRDANCE
  4252 | D:5      | Reached skill level 6 in Fighting
  4383 | D:5      | Reached XP level 8. HP: 55/70 MP: 5/7
  4460 | D:5      | 4460 ||| Stepping ~*~*~tactically~*~*~ (outnumbered).
  4466 | D:5      | 4466 ||| FLEEEEING.
  4467 | D:5      | 4467 ||| FLEEEEING.
  4468 | D:5      | 4468 ||| DRINKING 3 potions of curing.
  4468 | D:5      | 4468 ||| (to cure confusion)
  4470 | D:5      | 4470 ||| DRINKING 2 potions of curing.
  4470 | D:5      | 4470 ||| (to cure confusion)
  4576 | D:5      | Reached skill level 10 in Ranged Weapons
  5016 | D:5      | 5016 ||| UPGRADING to amulet of faith.
  5026 | D:5      | 5026 ||| READING scroll labelled YJIOMIDEOT.
  5027 | D:5      | 5027 ||| READING scroll labelled VACUESK DIPT.
  5131 | D:6      | Found a white marble altar of Elyvilon.
  5208 | D:6      | Reached skill level 11 in Ranged Weapons
  6051 | D:6      | 6051 ||| READING scroll labelled LALIKEF ESIWK.
  6052 | D:6      | 6052 ||| READING scroll labelled EGRA SEIBB.
  6053 | D:6      | 6053 ||| DRINKING 2 green potions.
  6054 | D:6      | 6054 ||| DROPPING potion of magic.
  6063 | D:7      | 6063 ||| STAIRDANCE
  6144 | D:7      | 6144 ||| STAIRDANCE
  6202 | D:7      | Reached skill level 3 in Armour
  6202 | D:7      | Reached XP level 9. HP: 77/79 MP: 8/8
  7095 | D:7      | 7095 ||| UPGRADING to +0 cloak.
  7100 | D:7      | 7100 ||| READING scroll labelled SEMPUMOIRCH.
  7201 | D:7      | 7201 ||| DRINKING 2 white potions.
  7202 | D:7      | 7202 ||| READING 2 scrolls of identify.
  7202 | D:7      | 7202 ||| IDENTIFYING sapphire potion
  7203 | D:7      | 7203 ||| DROPPING potion of enlightenment.
  7204 | D:7      | 7204 ||| DROPPING potion of invisibility.
  7226 | D:8      | Reached skill level 12 in Ranged Weapons
  7233 | D:8      | Noticed Maurice
  7238 | D:8      | Killed Maurice
  7239 | D:8      | Noticed a two-headed ogre
  7243 | D:8      | Killed a two-headed ogre
  7244 | D:8      | Reached skill level 6 in Armour
  7270 | D:8      | 7270 ||| READING scroll of enchant weapon.
  7270 | D:8      | 7270 ||| ENCHANTING +3 longbow of draining.
  7359 | D:8      | Noticed Maggie
  7360 | D:8      | 7360 ||| Stepping ~*~*~tactically~*~*~ (outnumbered).
  7362 | D:8      | 7362 ||| Stepping ~*~*~tactically~*~*~ (outnumbered).
  7366 | D:8      | 7366 ||| Stepping ~*~*~tactically~*~*~ (outnumbered).
  7371 | D:8      | Killed Maggie
  7372 | D:8      | Reached XP level 10. HP: 54/90 MP: 9/9
  7726 | D:8      | Found a shimmering altar of Xom.
  7726 | D:8      | Found a blossoming altar of Fedhas.
  7809 | D:8      | Found an opulent altar of Gozag.
  7853 | D:8      | 7853 ||| UPGRADING to +0 cloak of willpower.
  7863 | D:8      | 7863 ||| DROPPING +0 cloak.
  7864 | D:8      | 7864 ||| UPGRADING to +0 steam dragon scales.
  7874 | D:8      | 7874 ||| DROPPING +0 ring mail.
  7962 | D:9      | Reached skill level 6 in Dodging
  7983 | D:9      | Found a snail-covered altar of Cheibriados.
  8337 | D:9      | Reached skill level 13 in Ranged Weapons
  8354 | D:9      | 8354 ||| Stepping ~*~*~tactically~*~*~ (outnumbered).
  8356 | D:9      | 8356 ||| Stepping ~*~*~tactically~*~*~ (outnumbered).
  8360 | D:9      | 8360 ||| Stepping ~*~*~tactically~*~*~ (outnumbered).
  8372 | D:9      | Reached skill level 9 in Fighting
  8381 | D:9      | 8381 ||| Stepping ~*~*~tactically~*~*~ (outnumbered).
  8383 | D:9      | 8383 ||| Stepping ~*~*~tactically~*~*~ (outnumbered).
  8500 | D:9      | 8500 ||| READING scroll of enchant weapon.
  8500 | D:9      | 8500 ||| ENCHANTING +4 longbow of draining.
  8648 | D:9      | Found an iron altar of Okawaru.
  8648 | D:9      | Found an ornate altar of the Wu Jian Council.
  8811 | D:9      | 8811 ||| UPGRADING to +0 troll leather armour.
  8821 | D:9      | 8821 ||| DROPPING +0 steam dragon scales.
  8883 | D:10     | Entered Level 10 of the Dungeon
  8895 | D:10     | 8895 ||| FLEEEEING.
  8898 | D:10     | 8898 ||| STAIRDANCE
  9013 | D:10     | Noticed an orc high priest
  9025 | D:10     | Killed an orc high priest
  9026 | D:10     | Reached skill level 14 in Ranged Weapons
  9065 | D:10     | 9065 ||| READING scroll labelled EBEROO MO JYDGH.
  9067 | D:10     | 9067 ||| Stepping ~*~*~tactically~*~*~ (cloud).
  9122 | D:10     | 9122 ||| FLEEEEING.
  9305 | D:10     | 9305 ||| FLEEEEING.
  9306 | D:10     | 9306 ||| FLEEEEING.
  9307 | D:10     | 9307 ||| FLEEEEING.
  9308 | D:10     | 9308 ||| FLEEEEING.
  9309 | D:10     | 9309 ||| FLEEEEING.
  9310 | D:10     | 9310 ||| FLEEEEING.
  9312 | D:10     | 9312 ||| FLEEEEING.
  9313 | D:10     | 9313 ||| FLEEEEING.
  9316 | D:10     | 9316 ||| FLEEEEING.
  9319 | D:10     | 9319 ||| FLEEEEING.
  9320 | D:10     | 9320 ||| FLEEEEING.
  9321 | D:10     | 9321 ||| FLEEEEING.
  9322 | D:10     | 9322 ||| FLEEEEING.
  9323 | D:10     | 9323 ||| FLEEEEING.
  9324 | D:10     | 9324 ||| FLEEEEING.
  9327 | D:10     | Reached XP level 11. HP: 92/99 MP: 10/10
  9549 | D:10     | Noticed Josephine
  9560 | D:10     | Killed Josephine
  9651 | D:10     | 9651 ||| Stepping ~*~*~tactically~*~*~ (outnumbered).
  9665 | D:10     | Reached skill level 15 in Ranged Weapons
  9702 | D:10     | Found a staircase to the Orcish Mines.
  9710 | D:10     | Found a staircase to the Lair.
  9972 | D:10     | 9972 ||| READING scroll labelled IRUADA AW GEO.
  9979 | D:9      | Found a burning altar of Makhleb.
  9987 | D:9      | 9987 ||| PLANNING OKAWARU WORSHIP
  9990 | D:9      | Became a worshipper of Warmaster Okawaru
  9990 | D:9      | 9990 ||| PLANNING LAIR
 10112 | Lair:1   | Entered Level 1 of the Lair of Beasts
 10115 | Lair:1   | Noticed Amaemon
 10131 | Lair:1   | HP: 18/99 [Amaemon/+1 demon whip of venom (9)]
 10132 | Lair:1   | 10132 ||| READING 2 scrolls of teleportation.
 10132 | Lair:1   | HP: 4/99 [Amaemon/+1 demon whip of venom (6)]
 10133 | Lair:1   | Succumbed to Amaemon's poison

Levels and vault maps discovered:
D:1:      heliophobic_arrival_dark_side_of_the_moon, layout_basic
D:2:      layout_basic, serial_co_window_serial, co_window_of_opportunity_a,
          co_window_corner_a, co_window_corner_a, co_window_of_opportunity_a,
          co_window_paths_b, co_window_paths_a, co_window_paths_a,
          co_window_of_opportunity_c, co_window_broadway_a, co_window_corner_b,
          co_window_corner_cb, co_window_paths_e, glass_columns_a,
          glass_columns_b, glass_columns_a, shapermc_ecumenical_altar_acropolis,
          uniq_crazy_yiuf_cottage, uniq_natasha, uniq_sigmund, uniq_robin
D:3:      cheibrodos_thug_alley, layout_rooms, lemuel_round_altar
D:4:      layout_gridville, minmay_temple_entry_statues_pillars,
          due_unseen_surprise
D:5:      layout_gridville
D:6:      layout_layer_cave, elyvilon_altar_5
D:7:      layout_basic, kennysheep_flooded_box, minmay_joined_circles
D:8:      layout_cave_pools, grunt_gozag_breadcrumbs,
          gammafunk_temple_overflow_elements, minmay_manual_mail, uniq_maggie,
          uniq_maurice
D:9:      kennysheep_seaside_town, layout_cave_pools,
          nicolae_overflow_hidden_temple, mainiacjoe_overflow_paths,
          serial_rivers, chequers_serial_rivers_small_3,
          chequers_serial_rivers_room_a, chequers_serial_rivers_micro_b,
          chequers_serial_rivers_small_3, chequers_serial_rivers_small_a,
          chequers_serial_rivers_small_b, enter_bailey_7
D:10:     minmay_the_grid_3x2 [minmay_the_grid_holed_spiral,
          minmay_the_grid_dragon_a, minmay_the_grid_doors, minmay_the_grid_fan,
          minmay_the_grid_diamond_grid, minmay_the_grid_prize_four_corners],
          layout_loops_ring, kennysheep_orc_monster_closet_entryway,
          serial_shops, nicolae_lakefront_shop, kennysheep_island_fort,
          uniq_josephine
Temple:   nicolae_temple_ecumenical_triangle
Lair:1:   gammafunk_worm_tunnel, layout_concentric_octagons, serial_rivers,
          chequers_serial_rivers_micro_a, chequers_serial_rivers_micro_a,
          chequers_serial_rivers_micro_a, chequers_serial_rivers_room_b,
          chequers_serial_rivers_micro_d, chequers_serial_rivers_micro_e,
          basic_altar, grunt_megastairs_5, serial_bayou_shore_b, uniq_amaemon

Skill      XL: |  1  2  3  4  5  6  7  8  9 10 11 |
---------------+----------------------------------+-----
Ranged Weapons | 5 7 8 9 11 12 14 15 | 15.3
Fighting       | 3 5 6 7 8 9 10 | 10.0
Armour         | 1 2 3 6 |  6.5
Dodging        | 3 4 5 7 8 |  8.0
Stealth        | |  0.7

Action                     |  1- 3 |  4- 6 |  7- 9 | 10-12 || total
---------------------------+-------+-------+-------+-------++-------
   Fire: Shortbow          |    57 |       |       |       ||    57
         Longbow           |    33 |    76 |   215 |   257 ||   581
    Use: Scroll            |     3 |     3 |    12 |     4 ||    22
         Potion            |     1 |     3 |     7 |       ||    11
 Armour: Leather armour    |     7 |       |       |       ||     7
         Ring mail         |     9 |     4 |    36 |     4 ||    53
         Steam dragon scal |       |       |       |    11 ||    11
         Troll leather arm |       |       |       |    24 ||    24
  Dodge: Dodged            |    20 |    10 |    77 |   129 ||   236

Table legend:
 A = Non-vault XP
 B = Vault XP
 C = Vault XP percentage of total XP
 D = Non-vault monster count
 E = Vault monster count
 F = Vault count percentage of total count
                 A         B        C        D         E       F
            +---------+---------+-------+---------+---------+-------
      Total |    6829 |    8980 |  56.8 |     160 |     102 |  38.9
            +---------+---------+-------+---------+---------+-------
        D:1 |      41 |       0 |   0.0 |      26 |       0 |   0.0
        D:2 |     113 |     295 |  72.3 |      17 |      13 |  43.3
        D:3 |     243 |     215 |  46.9 |      24 |      12 |  33.3
        D:4 |     280 |       0 |   0.0 |      13 |       0 |   0.0
        D:5 |     927 |       0 |   0.0 |      26 |       0 |   0.0
        D:6 |     681 |       0 |   0.0 |      18 |       0 |   0.0
        D:7 |     287 |     709 |  71.2 |       4 |      13 |  76.5
        D:8 |    1199 |    1230 |  50.6 |      11 |       6 |  35.3
        D:9 |    1192 |    1429 |  54.5 |       6 |      26 |  81.2
       D:10 |    1108 |    5102 |  82.2 |      12 |      32 |  72.7
     Lair:1 |     758 |       0 |   0.0 |       3 |       0 |   0.0
            +---------+---------+-------+---------+---------+-------
